 Dungeon Crawl Stone Soup version 0.30-a0-711-gf4ac18a38d (webtiles) character file.

Game seed: 7513479754967226378

842 nucleargodhead the Fighter (level 7, -1/67 (68) HPs)
             Began as a Minotaur Berserker on Jan 22, 2023.
             Was a Believer of Trog.
             Slain by a necrophage (6 damage)
             ... on level 5 of the Dungeon.
             The game lasted 00:04:31 (4180 turns).

nucleargodhead the Fighter (Minotaur Berserker)     Turns: 4180, Time: 00:04:31

HP:   -1/67 (68)    AC: 17    Str: 23    XL:     7   Next: 67%
MP:   6/6           EV:  8    Int:  7    God:    Trog [**....]
Gold: 329           SH:  0    Dex: 10    Spells: 6/6 levels left

rFire   . . .      SeeInvis .    x - +0 battleaxe
rCold   + . .      Faith    .    (shield currently unavailable)
rNeg    . . .      Spirit   .    d - +0 chain mail
rPois   .          Reflect  .    (helmet restricted)
rElec   +          Harm     .    n - +2 cloak
rCorr   .          Rampage  .    q - +4 pair of gloves of the Jackalope {rElec Int+3 Stlth+}
Will    ++...                    (no boots) Stlth
                                 (no amulet)
HPRegen 1.31/turn                i - ring of protection from cold
MPRegen 0.10/turn                (no ring)

@: strong-willed, on berserk cooldown, regenerating, slowed, lightly drained,
very slow
A: horns 2, retaliatory headbutt
a: Renounce Religion, Berserk, Trog's Hand


You were on level 5 of the Dungeon.
You worshipped Trog.
Trog was pleased with you.
You visited 1 branch of the dungeon, and saw 5 of its levels.

You collected 329 gold pieces.

Inventory:

Hand Weapons
 a - a +0 hand axe
 v - the +1 short sword of the Weak God {antimagic, rCorr Str+2 Dex+3}
   (You found it on level 4 of the Dungeon)

   Str:       It affects your strength (+2).
   Dex:       It affects your dexterity (+3).
   rCorr:     It protects you from acid and corrosion.
 x - a +0 battleaxe (weapon)
Armour
 b - a +0 animal skin
 d - a +0 chain mail (worn)
 n - a +2 cloak (worn)
 q - the +4 pair of gloves of the Jackalope (worn) {rElec Int+3 Stlth+}
   (You found it on level 3 of the Dungeon)

   Int:       It affects your intelligence (+3).
   rElec:     It insulates you from electricity.
   Stlth:     It makes you more stealthy.
Jewellery
 i - a ring of protection from cold (left hand)
 p - a ring of willpower
 u - a ring of see invisible
Wands
 r - a wand of flame (25)
Scrolls
 c - 2 scrolls of fear {unknown}
 e - 5 scrolls of teleportation {unknown}
 j - 2 scrolls of vulnerability {unknown}
 k - 7 scrolls of identify {unknown}
 l - a scroll of acquirement {unknown}
 m - a scroll of amnesia {unknown}
 o - 2 scrolls of magic mapping {unknown}
 s - a scroll of enchant armour {unknown}
 t - a scroll of brand weapon {unknown}
 w - a scroll of blinking {unknown}
 y - a scroll of fog {unknown}
Potions
 f - a potion of berserk rage {unknown}
 g - a potion of haste {unknown}
 h - 3 potions of curing {unknown}
 z - a potion of resistance {unknown}
 A - a potion of heal wounds {unknown}
 B - 2 potions of cancellation {unknown}
 C - a potion of mutation {unknown}
 D - a potion of flight {unknown}


   Skills:
 + Level 8.2 Fighting
 + Level 8.2 Axes
 - Level 2.4 Armour
 - Level 2.1 Dodging


You had 6 spell levels left.
You didn't know any spells.
Your spell library was empty.

Dungeon Overview and Level Annotations

Branches:
Dungeon (5/15)             Temple (0/1) D:5

Altars:
Fedhas
Ru
Sif Muna
Xom
Yredelemnul
The Shining One

Shops:
D:2 *


Innate Abilities, Weirdness & Mutations

You have a pair of horns on your head.
You reflexively headbutt those who attack you in melee.


Message History

Beogh smites you!
* * * LOW HITPOINT WARNING * * *
Something hits you but does no damage. x2
You bump into the rock wall.
You hear some strange, mumbled words.
A puff of flame appears from out of thin air!
The puff of flame hits you but does no damage.
You bump into the rock wall.
You feel less confused. Something hits you but does no damage.
You hear some strange, mumbled words.
A puff of flame appears from out of thin air!
The puff of flame hits you!
* * * LOW HITPOINT WARNING * * *
Your skin crawls.
You feel strong-willed.
An orc wizard appears from thin air!
Reactivating autopickup.
The orc wizard hits you with a +0 dagger.
* * * LOW HITPOINT WARNING * * *
You miss the orc wizard. You headbutt the orc wizard.
You kill the orc wizard!
Trog accepts your kill.
Trog appreciates your killing of a magic user.
The necrophage hits you but does no damage.
The orc priest calls down the wrath of Beogh upon you.
Beogh smites you!
* * * LOW HITPOINT WARNING * * *
You barely miss the necrophage. The necrophage hits you.
* * * LOW HITPOINT WARNING * * *
The necrophage hits you but does no damage.
You hit the necrophage. Your headbutt misses the necrophage.
The necrophage is lightly damaged.
The necrophage closely misses you. The necrophage hits you.
* * * LOW HITPOINT WARNING * * *
You feel drained.
You barely miss the necrophage.
The necrophage is lightly damaged.
The necrophage barely misses you. The necrophage hits you.
You die...

.......#.##
###.###
###.##..~~
#.###.##..#
#.# #.###..~
.........##
#.# #.......
###.###.##
#.# #.###...
# ###
###########.#
..# #### #
...........#
###
..#####.####
#.#####.#
#..@nooo#
#######.#


You could see a necrophage, an orc priest and 2 orcs.

Vanquished Creatures
  A black bear (D:5)
  2 ogres
  A scorpion (D:5)
  3 hounds
  A jelly (D:5)
  3 orc priests
  3 orc wizards
  An iguana (D:5)
  8 adders
  3 gnolls (D:2)
  A shadow imp (D:5)
  A dart slug (D:3)
  2 worms
  26 orcs
  4 bats (D:1)
  2 endoplasms
  A giant cockroach (D:3)
  8 goblins
  7 hobgoblins
  5 jackals
  2 quokkas
  4 ball pythons
  2 frilled lizards (D:3)
  6 kobolds
  5 rats
  A butterfly (D:4)
103 creatures vanquished.

Notes
Turn   | Place    | Note
-------+----------+-------------------------------------------
     0 | D:1      | nucleargodhead the Minotaur Berserker began the quest for
                  | the Orb.
     0 | D:1      | Reached XP level 1. HP: 19/19 MP: 0/0
   531 | D:1      | Reached XP level 2. HP: 27/27 MP: 1/1
   938 | D:2      | Reached XP level 3. HP: 31/34 MP: 2/2
  1067 | D:2      | Reached skill level 5 in Fighting
  1067 | D:2      | Reached skill level 5 in Axes
  1067 | D:2      | Reached XP level 4. HP: 16/42 MP: 3/3
  1261 | D:2      | Found a faded altar of an unknown god.
  1272 | D:2      | Reached XP level 5. HP: 48/48 MP: 4/4
  1729 | D:2      | Found Yleag's Assorted Antiques.
  2134 | D:3      | Reached ** piety under Trog
  2191 | D:3      | Noticed an ogre
  2195 | D:3      | Killed an ogre
  2204 | D:3      | Identified the +4 pair of gloves of the Jackalope {rElec
                  | Int+3 Stlth+}
  2240 | D:3      | Reached XP level 6. HP: 46/58 MP: 5/5
  2727 | D:3      | Found a glowing golden altar of the Shining One.
  2727 | D:3      | Found a shimmering blue altar of Sif Muna.
  2735 | D:3      | Found a faded altar of an unknown god.
  2737 | D:3      | Found a sacrificial altar of Ru.
  2739 | D:3      | Found a basalt altar of Yredelemnul.
  2858 | D:4      | Found a shimmering altar of Xom.
  2886 | D:4      | Identified the +1 short sword of the Weak God {antimagic,
                  | rCorr Str+2 Dex+3}
  3510 | D:5      | Entered Level 5 of the Dungeon
  3594 | D:5      | Found a blossoming altar of Fedhas.
  3611 | D:5      | Found a staircase to the Ecumenical Temple.
  3751 | D:5      | Reached XP level 7. HP: 64/66 MP: 6/6
  4042 | D:5      | Reached *** piety under Trog
  4177 | D:5      | HP: 2/68 [orc priest/divine providence (14)]
  4180 | D:5      | Slain by a necrophage

Illustrated notes

Levels and vault maps discovered:
D:1:      minmay_arrival_jagged, layout_loops_ring
D:2:      layout_basic, serial_shops, nicolae_diamond_shop,
          hellmonk_ecumenical_altar_blasted
D:3:      layout_rooms, chequers_temple_overflow_minitemple, patterned_corridor
D:4:      layout_basic, xom_butterflies, grunt_ministairs_4,
          supply_closet_lemuel
D:5:      layout_basic, fedhas_ov_isle_minmay, temple_pool_b, st_stairs_14,
          nicolae_concentric_dashed_squares_mild,
          amcnicky_mini_rare_corridor_liquid, nrook_pool_corridor,
          kennysheep_decorative_pillar

Skill      XL: |  1  2  3  4  5  6  7 |
---------------+----------------------+-----
Fighting       | 4 5 6 7 8 |  8.2
Axes           | 4 5 6 7 8 |  8.2
Armour         | |  2.4
Dodging        | |  2.1

Action                     |  1- 3 |  4- 6 |  7- 9 || total
---------------------------+-------+-------+-------++-------
  Melee: Hand axe          |    62 |    98 |       ||   160
         Headbutt          |     6 |    23 |    11 ||    40
         Punch             |       |     2 |       ||     2
         Battleaxe         |       |    22 |    56 ||    78
 Invoke: Berserk           |     1 |     6 |     1 ||     8
         Trog's Hand       |       |       |     1 ||     1
 Armour: Chain mail        |    34 |    63 |    51 ||   148
  Dodge: Dodged            |    29 |    39 |    23 ||    91

Table legend: (Time is in decaauts)
 A = Elapsed time spent in this place.
 B = Non-inter-level travel time spent in this place.
 C = Inter-level travel time spent in this place.
 D = Time resting spent in this place.
 E = Time spent auto-exploring this place.
 F = Levels seen in this place.
 G = Mean time per level.
                   A        B        C        D        E       F      G
               +--------+--------+--------+--------+--------+-----+--------+
         Total |   4295 |   4037 |    258 |    588 |   2823 |   5 |  859.0 |
       Dungeon |   4295 |   4037 |    258 |    588 |   2823 |   5 |  859.0 |
               +--------+--------+--------+--------+--------+-----+--------+

Top non-repeatable levels by time:
     D:2: 1282 daAuts
     D:1: 865 daAuts
     D:4: 731 daAuts
     D:5: 721 daAuts
     D:3: 694 daAuts
